 Dungeon Crawl Stone Soup version 0.28-a0-1447-ga5a8893891 (webtiles) character file.

Game seed: 245992108804364650

9683 dolemite99 the Severer (level 11, -6/89 (95) HPs)
             Began as a Hill Orc Gladiator on Jan 11, 2022.
             Was a Follower of Uskayaw.
             Mangled by a wight (20 damage)
             ... summoned by a centaur
             ... on level 9 of the Dungeon.
             The game lasted 00:13:29 (14418 turns).

dolemite99 the Severer (Hill Orc Gladiator)        Turns: 14418, Time: 00:13:30

HP:   -6/89 (95)    AC:  0    Str: 22    XL:     11   Next: 50%
MP:   0/17          EV: 14    Int:  8    God:    Uskayaw [*.....]
Gold: 324           SH:  0    Dex: 12    Spells: 10/10 levels left

rFire   . . .      SeeInvis .   (weapon currently unavailable)
rCold   . . .      Faith    .   (shield currently unavailable)
rNeg    . . .      Spirit   +   (armour currently unavailable)
rPois   .          Reflect  .   (helmet currently unavailable)
rElec   .          Harm     .   (cloak currently unavailable)
rCorr   .          Rampage  .   (gloves currently unavailable)
Will    .....                   (boots currently unavailable)
Stlth   +.........              m - amulet of guardian spirit
HPRegen 0.24/turn               (ring currently unavailable)
MPRegen 0.15/turn               (ring currently unavailable)

@: confused, pig-form, drained, very quick
A: fast, no casting, small
a: Renounce Religion, Stomp


You were on level 9 of the Dungeon.
You worshipped Uskayaw.
Uskayaw was aware of your devotion.
You were a filthy swine.
You visited 1 branch of the dungeon, and saw 9 of its levels.

You collected 474 gold pieces.
You spent 150 gold pieces at shops.

Inventory:

Hand Weapons
 a - a +1 war axe of electrocution (melded)
 b - the +11 morningstar "Tyz Mys" {vorpal, *Rage rElec rF++ Stlth+}
   (You found it on level 9 of the Dungeon)

   It inflicts extra damage upon your enemies.
   rF:        It greatly protects you from fire.
   rElec:     It insulates you from electricity.
   *Rage:     It berserks you when you make melee attacks (+20% chance).
   Stlth:     It makes you more stealthy.
 e - a +0 hunting sling
 h - a +2 morningstar of distortion
 G - a +1 whip of electrocution
Missiles
 d - 3 throwing nets
 i - 261 stones
 p - 56 sling bullets
 q - 29 poisoned darts (quivered)
 A - 2 javelins
 F - a boomerang
 M - 55 arrows
Armour
 c - a +0 helmet (melded)
 g - a +0 cloak (melded)
 j - +1 acid dragon scales
 l - a +0 chain mail
 s - a +0 ring mail
 t - a +0 chain mail of poison resistance (melded)
 B - a +0 pair of boots (melded)
 I - a +0 pair of gloves (melded)
Magical Staves
 E - a staff of poison
Jewellery
 m - an amulet of guardian spirit (around neck)
 r - a ring of wizardry (melded)
 C - an amulet of regeneration
 H - a +6 ring of intelligence
 J - a ring of see invisible (melded)
 K - a +6 ring of strength
Wands
 k - a wand of paralysis (35)
 y - a wand of iceblast (12)
 D - a wand of digging (2)
 L - a wand of mindburst (12)
 N - a wand of flame (9)
Scrolls
 o - 4 scrolls of teleportation
 v - a scroll of identify {@r1}
 O - a scroll of magic mapping
Potions
 f - 4 potions of brilliance
 n - 2 potions of berserk rage
 u - a potion of ambrosia
 w - a potion of degeneration {unknown}
 z - 2 potions of invisibility {unknown}
Miscellaneous
 x - a phantom mirror (inert)


   Skills:
 - Level 8.5 Fighting
 - Level 15.8(15.9) Axes
 + Level 1.1(8.7) Maces & Flails
 - Level 1.7 Throwing
 - Level 8.8 Armour
 - Level 2.4 Dodging
 - Level 8.8 Invocations
 - Level 3.1 Evocations


You had 10 spell levels left.
You didn't know any spells.
Your spell library contained the following spells:

 Spells                   Type           Power      Damage    Failure   Level
 Slow                     Hex            0%         N/A       41%         1
 Blink                    Tloc           0%         N/A       54%         2
 Static Discharge         Conj/Air       0%         N/A       54%         2
 Confusing Touch          Hex            0%         N/A       78%         3
 Inner Flame              Hex/Fire       0%         N/A       78%         3
 Lesser Beckoning         Tloc           0%         N/A       78%         3
 Ozocubu's Armour         Ice            0%         N/A       78%         3
 Tukima's Dance           Hex            0%         N/A       78%         3
 Vampiric Draining        Necr           0%         2d6       78%         3
 Cause Fear               Hex            0%         N/A       99%         4
 Dispel Undead            Necr           0%         3d6       99%         4
 Passage of Golubria      Tloc           0%         N/A       99%         4
 Sticky Flame             Conj/Fire      0%         2d3       99%         4
 Manifold Assault         Tloc           0%         N/A       100%        5
 Yara's Violent Unravell  Hex/Tmut       0%         3d3       100%        5
 Ozocubu's Refrigeration  Ice            0%         4d5       100%        7
 Discord                  Hex            0%         N/A       100%        8


Dungeon Overview and Level Annotations

Branches:
Dungeon (9/15)             Temple (0/1) D:7
   Lair: D:8-11         Orc: D:9-12

Altars:
Ashenzari
Cheibriados
Dithmenos
Elyvilon
Okawaru
Uskayaw
Vehumet
Wu Jian

Shops:
D:6 [(


Message History

Found a hunting sling and a great mace.
The centaur zaps a wand.
You turn into a filthy swine.
Your +1 war axe of electrocution melds into your body.
Your +0 cloak melds into your body.
Your +0 helmet melds into your body.
Your +0 pair of gloves melds into your body.
Your +0 pair of boots melds into your body.
Your +0 chain mail of poison resistance melds into your body.
Your ring of wizardry melds into your body.
Your ring of see invisible melds into your body.
Your +1 war axe of electrocution stops crackling.
You no longer feel resistant to poison.
The orc wizard gestures at you while chanting.
The magic dart hits you. The orc warrior misses you.
The wight hits you with a +4 scimitar!
You feel drained. The wight barely misses you.
As you read the scroll of teleportation, it crumbles to dust.
You feel strangely unstable.
The centaur unwields a +0 shortbow.
The centaur hits you. The centaur completely misses you. The hornet misses you.
The hornet closely misses you. The wight hits you with a +4 battleaxe!
You feel drained. The wight closely misses you. The orc barely misses you.
The centaur hits you. The centaur closely misses you.
The wight barely misses you.
The orc warrior hits you with a +0 glaive!!
The orc wizard closely misses you. The wight closely misses you.
The hornet closely misses you. The centaur hits you. The centaur kicks you.
The orc misses you. The wight barely misses you. The wight closely misses you.
The orc warrior closely misses you. The wight misses you.
The wight hits you from afar with a +2 trident of freezing!
The wight freezes you.
The orc wizard points at you and mumbles some strange words.
You are confused.
Your surroundings seem slightly different.
The orc wizard gestures wildly while chanting.
The orc wizard flickers and vanishes!
Deactivating autopickup; reactivate with Ctrl-A.
The wight hits you with a +0 battleaxe!!
* * * LOW HITPOINT WARNING * * *
The orc barely misses you. The wight hits you with a +4 scimitar!!
You die...

#.... #........... #....
#...).......
#....######....<......
#.....................
###.....................
...).....yz.............
.......zocz.............
........zo...###...#####
.......hozo..# #...#
...................#
............... ..
................
.........).......
.......####..## .......
..# ###.... .#


You could see a hornet (summoned), an orc warrior (summoned), a centaur, 5
wights, an orc wizard (summoned) and 2 orcs.

Vanquished Creatures
  A centaur warrior (D:8)
  2 two-headed ogres
  A skeletal warrior (D:8)
  Pikel (D:8)
  Maurice (D:8)
  Joseph (D:8)
  Maggie (D:6)
  Grinder (D:4)
  7 yaks (D:8)
  A wraith (D:9)
  Grum (D:8)
  A steam dragon (D:7)
  3 water moccasins
  2 acid dragons
  3 orc warriors
  2 black bears
  A hornet zombie (D:6)
  An ice beast (D:6)
  A necrophage (D:5)
  2 wolves (D:7)
  4 ogres
  A centaur (D:8)
  3 kobold brigands (D:7)
  8 scorpions
  A water moccasin zombie (D:5)
  7 wights (D:8)
  A howler monkey (D:6)
  5 bullfrog zombies (D:5)
  7 centaur zombies
  2 hounds
  6 orc priests
  3 centaur skeletons (D:5)
  5 iguanas
  3 bullfrog skeletons
  An orc wizard (D:7)
  A killer bee zombie (D:4)
  9 adders
  2 shadow imps
  3 worms
  7 orcs
  8 ball pythons
  6 endoplasms
  A giant cockroach (D:2)
  5 goblins
  7 hobgoblins
  2 quokkas
  6 bats
  3 frilled lizards
  23 kobolds
  4 rats
178 creatures vanquished.

Vanquished Creatures (collateral kills)
  A yak (D:8)
  A white imp (D:7)
2 creatures vanquished.

Vanquished Creatures (others)
  33 plants
  4 withered plants (D:5)
37 creatures vanquished.

Grand Total: 217 creatures vanquished

Notes
Turn   | Place    | Note
-------+----------+-------------------------------------------
     0 | D:1      | dolemite99 the Hill Orc Gladiator began the quest for the
                  | Orb.
     0 | D:1      | Reached XP level 1. HP: 18/18 MP: 1/1
   348 | D:1      | Reached XP level 2. HP: 22/25 MP: 2/2
   550 | D:1      | Found a faded altar of an unknown god.
   610 | D:1      | Prayed at the altar of an unknown god.
   610 | D:1      | Became a worshipper of Uskayaw the Reveller
   610 | D:1      | Reached * piety under Uskayaw
   757 | D:1      | Reached ** piety under Uskayaw
   764 | D:1      | Reached skill level 5 in Axes
  1146 | D:2      | Reached XP level 3. HP: 26/30 MP: 3/3
  1488 | D:2      | Reached skill level 6 in Axes
  1610 | D:3      | Found an ornate altar of the Wu Jian Council.
  1610 | D:3      | Found a snail-covered altar of Cheibriados.
  1847 | D:3      | Reached XP level 4. HP: 37/37 MP: 4/4
  2411 | D:3      | Reached skill level 7 in Axes
  2802 | D:3      | Identified the +2 lajatang "Hydrabane" {freeze, rC- Will+
                  | Stlth+}
  3243 | D:4      | Reached XP level 5. HP: 37/42 MP: 5/5
  3350 | D:4      | Reached skill level 8 in Axes
  3560 | D:4      | Noticed a black bear
  3580 | D:4      | Killed a black bear
  3581 | D:4      | Reached skill level 9 in Axes
  3581 | D:4      | Reached XP level 6. HP: 33/50 MP: 2/6
  3581 | D:4      | Reached *** piety under Uskayaw
  4191 | D:4      | Noticed Grinder
  4200 | D:4      | Paralysed by Grinder for 6 turns
  5034 | D:4      | Reached skill level 10 in Axes
  5034 | D:4      | Reached XP level 7. HP: 7/56 MP: 1/7
  5524 | D:5      | Entered Level 5 of the Dungeon
  5547 | D:5      | Reached **** piety under Uskayaw
  5551 | D:5      | Reached skill level 11 in Axes
  5877 | D:5      | Reached skill level 12 in Axes
  5877 | D:5      | Reached XP level 8. HP: 57/62 MP: 6/8
  6258 | D:5      | Reached skill level 13 in Axes
  7202 | D:4      | Killed Grinder
  7203 | D:4      | Reached skill level 14 in Axes
  7570 | D:6      | Reached skill level 15 in Axes
  7570 | D:6      | Reached XP level 9. HP: 44/68 MP: 5/9
  7917 | D:6      | Found an iron altar of Okawaru.
  7972 | D:6      | Found Zanariev's Antique Weapon Boutique.
  7973 | D:6      | Noticed Maggie
  7989 | D:6      | Killed Maggie
  8383 | D:6      | Reached skill level 1 in Armour
  8535 | D:6      | Found Vassonie's Armour Shop.
  8649 | D:6      | Bought a +0 ring mail for 48 gold pieces
  8649 | D:6      | Bought a +0 chain mail of poison resistance for 102 gold
                  | pieces
  8739 | D:6      | Found a radiant altar of Vehumet.
  8751 | D:6      | Reached skill level 5 in Armour
  8937 | D:6      | Found a broken altar of Ashenzari.
  9249 | D:7      | Found a staircase to the Ecumenical Temple.
  9495 | D:7      | Found a shadowy altar of Dithmenos.
  9563 | D:7      | Reached skill level 1 in Invocations
  9568 | D:7      | Reached XP level 10. HP: 38/77 MP: 6/11
 10126 | D:7      | Noticed a two-headed ogre
 10140 | D:7      | Killed a two-headed ogre
 10434 | D:7      | Reached skill level 5 in Fighting
 10630 | D:7      | Reached skill level 5 in Invocations
 11579 | D:8      | Reached ***** piety under Uskayaw
 11593 | D:8      | Noticed Grum
 11778 | D:8      | Killed Grum
 12045 | D:8      | Found a white marble altar of Elyvilon.
 12457 | D:8      | Noticed Pikel
 12457 | D:8      | Noticed Maurice
 12502 | D:8      | Killed Pikel
 12533 | D:8      | Noticed a skeletal warrior
 12568 | D:8      | Killed Maurice
 12569 | D:8      | Reached XP level 11. HP: 89/95 MP: 17/17
 12639 | D:8      | Killed a skeletal warrior
 13192 | D:8      | Noticed Joseph
 13221 | D:8      | Killed Joseph
 13462 | D:8      | Noticed a centaur warrior
 13470 | D:8      | Killed a centaur warrior
 13599 | D:8      | Noticed a six-headed hydra
 13907 | D:9      | Reached skill level 1 in Evocations
 13915 | D:9      | Noticed a two-headed ogre
 13927 | D:9      | Killed a two-headed ogre
 14309 | D:9      | Identified the +11 morningstar "Tyz Mys" {vorpal, *Rage
                  | rElec rF++ Stlth+}
 14336 | D:9      | Reached skill level 1 in Maces & Flails
 14418 | D:9      | Mangled by a wight

Illustrated notes

Levels and vault maps discovered:
D:1:      scummos_arrival_simple_crosswalls, layout_basic,
          ebering_ecumenical_altar_sacrificial
D:2:      layout_basic
D:3:      layout_basic, grunt_temple_overflow_open
D:4:      layout_layer_cave, uniq_grinder
D:5:      minmay_octagon_keep, layout_cave_pools, serial_undead,
          serial_undead_c, serial_undead_f, serial_undead_b, serial_undead_c,
          kennysheep_generic_room_11
D:6:      minmay_skewed_foursquare, layout_basic,
          mainiacjoe_overflow_small_starburst, okawaru_metal_pillars_1_2,
          nicolae_vehumet_radiance, serial_shops, shop, shop, uniq_maggie
D:7:      layout_basic, mainiacjoe_overflow_boulevard, minmay_temple_entry_trees
D:8:      minmay_bloctagon_deflated, layout_basic, nicolae_elyvilon_temple_path,
          uniq_joseph, uniq_grum, uniq_pikel, uniq_maurice
D:9:      layout_small_grid, david_lair_shrubbed

Skill      XL: |  1  2  3  4  5  6  7  8  9 10 11 |
---------------+----------------------------------+-----
Axes           | 5 6 7 9 10 12 15 | 15.8
Armour         | 6 8 |  8.8
Invocations    | 2 8 |  8.8
Fighting       | 3 8 |  8.5
Evocations     | 3 |  3.1
Maces & Flails | 1 |  1.1
Throwing       | |  1.7
Dodging        | |  2.4

Action                   |  1- 3 |  4- 6 |  7- 9 | 10-12 || total
-------------------------+-------+-------+-------+-------++-------
Melee: War axe           |   104 |    71 |   230 |   199 ||   604
       Punch             |       |       |     4 |     6 ||    10
Throw: Dart              |       |    28 |    53 |    71 ||   152
Evoke: Phantom mirror    |       |       |       |     1 ||     1
  Use: Scroll            |       |     6 |     5 |     7 ||    18
       Potion            |       |     2 |     1 |       ||     3
 Stab: Paralysed         |       |       |     4 |     9 ||    13
Armor: Leather armour    |    52 |     3 |       |       ||    55
       Ring mail         |       |    11 |       |       ||    11
       Chain mail        |       |     6 |   141 |    88 ||   235
Dodge: Dodged            |   111 |    39 |    79 |   102 ||   331

Table legend: (Time is in decaauts)
 A = Elapsed time spent in this place.
 B = Non-inter-level travel time spent in this place.
 C = Inter-level travel time spent in this place.
 D = Time resting spent in this place.
 E = Time spent auto-exploring this place.
 F = Levels seen in this place.
 G = Mean time per level.
                   A        B        C        D        E       F      G
               +--------+--------+--------+--------+--------+-----+--------+
         Total |  14323 |  13868 |    455 |   6140 |   5560 |   9 | 1591.4 |
       Dungeon |  14323 |  13868 |    455 |   6140 |   5560 |   9 | 1591.4 |
               +--------+--------+--------+--------+--------+-----+--------+

Top non-repeatable levels by time:
     D:7: 2437 daAuts
     D:4: 2200 daAuts
     D:8: 2142 daAuts
     D:3: 2083 daAuts
     D:6: 1686 daAuts
     D:5: 1508 daAuts
     D:1: 903 daAuts
     D:2: 838 daAuts
     D:9: 522 daAuts
